3L
CLEVELAND BROWNS @ SEATTLE ROCKETEERS
09/24/2038
 
TOP OF THE 1ST
Cleveland Browns batting - Pitching for Seattle Rocketeers : LHP Luqman Barcoo
Pitching: LHP Luqman Barcoo
Batting: SHB Esteban Piñeiro 0-0: Fly out, F9 (Line Drive, 9, EV 98.1 MPH)
Batting: LHB Lauren Hilfiker 0-0: Swinging Strike
0-1: Ball
1-1: Foul Ball, location: 2F
1-2: Fly out, F7 (Flyball, 7D, EV 103.8 MPH)
Batting: RHB Rob Brooks 0-0: Called Strike
0-1: Swinging Strike
0-2: Ball
1-2: Foul Ball, location: 2F
1-2: Foul Ball, location: 2F
1-2: Ground out 6-3 (Groundball, 6, EV 100.0 MPH)
Top of the 1st over - 0 runs, 0 hits, 0 errors, 0 left on base; Cleveland 0 - Seattle 0
BOTTOM OF THE 1ST
Seattle Rocketeers batting - Pitching for Cleveland Browns : RHP Natalino Golaio
Pitching: RHP Natalino Golaio
Batting: RHB Jurgen Flurgenburgen 0-0: Called Strike
0-1: Foul Ball, location: 2F
0-2: Fly out, F8 (Flyball, 8RM, EV 91.9 MPH)
Batting: RHB Alain Grosjean 0-0: Ball
1-0: Ball
2-0: Ball
3-0: Called Strike
3-1: SINGLE (Line Drive, 7S, EV 92.5 MPH)
Batting: LHB Vicente Gonzáles 0-0: Ball
1-0: Ball
2-0: Ball
3-0: Base on Balls
Alain Grosjean to second
Batting: RHB Meester Gobbles-Rooster 0-0: Grounds into double play, 6-4-3 (Groundball, 6, EV 110.6 MPH)
Bottom of the 1st over - 0 runs, 1 hit, 0 errors, 1 left on base; Cleveland 0 - Seattle 0
TOP OF THE 2ND
Cleveland Browns batting - Pitching for Seattle Rocketeers : LHP Luqman Barcoo
Batting: LHB Surender Nada 0-0: Swinging Strike
0-1: Ball
1-1: Ball
2-1: Foul Ball, location: 2F
2-2: Strikes out swinging
Batting: RHB Richard Trevithick 0-0: Ball
1-0: Ball
2-0: Fly out, F9 (Flyball, 89D, EV 98.8 MPH)
Batting: RHB Katsuhiko Ishihara 0-0: Ball
1-0: Called Strike
1-1: Ball
2-1: Foul Ball, location: 2F
2-2: Foul Ball, location: 2F
2-2: Ball
3-2: Foul Ball, location: 2F
3-2: Base on Balls
Batting: RHB Dale Epner 0-0: Called Strike
0-1: Foul Ball, location: 2F
0-2: Foul Ball, location: 2F
0-2: Ball
1-2: Ball
2-2: Ball
Wild Pitch!
Katsuhiko Ishihara to second
3-2: Base on Balls
Batting: LHB Luis Aranda 0-0: SINGLE (Groundball, 25, EV 70.6 MPH) (infield hit)
Katsuhiko Ishihara to third
Dale Epner to second
Batting: SHB Raúl Rodríguez 0-0: Foul Ball, location: 2F
0-1: SINGLE (Groundball, 56S, EV 67.5 MPH) (infield hit)
Katsuhiko Ishihara scores
Dale Epner to third
Luis Aranda to second
Batting: SHB Esteban Piñeiro 0-0: Called Strike
0-1: Foul Ball, location: 2F
0-2: Ball
1-2: Reached on error, E6 (Groundball, 6, EV 78.8 MPH)
Dale Epner scores
Luis Aranda to third
Raúl Rodríguez to second
Batting: LHB Lauren Hilfiker 0-0: Called Strike
0-1: Ball
1-1: Ball
2-1: Ball
3-1: Base on Balls
Luis Aranda scores
Raúl Rodríguez to third
Esteban Piñeiro to second
Batting: RHB Rob Brooks 0-0: Called Strike
0-1: GRAND SLAM HOME RUN (Flyball, 9LD, EV 106.2 MPH), Distance : 327 ft
Batting: LHB Surender Nada 0-0: Ball
1-0: Ball
2-0: Fly out, F6 (Popup, 5D, EV 70.0 MPH)
Top of the 2nd over - 7 runs, 3 hits, 1 error, 0 left on base; Cleveland 7 - Seattle 0
BOTTOM OF THE 2ND
Seattle Rocketeers batting - Pitching for Cleveland Browns : RHP Natalino Golaio
Batting: RHB Claudio Tappen 0-0: Fly out, F9 (Flyball, 9, EV 89.4 MPH)
Batting: LHB Thierry Honoré 0-0: Ball
1-0: Called Strike
1-1: Swinging Strike
1-2: Ball
2-2: Foul Ball, location: 2F
2-2: Ball
3-2: Strikes out looking
Batting: RHB Bogumil Tiwontschik 0-0: Called Strike
0-1: Foul Ball, location: 2F
0-2: DOUBLE (Line Drive, 7LS, EV 95.6 MPH)
Batting: SHB Lodd Felton 0-0: Foul Ball, location: 2F
0-1: Ground out 3-1 (Groundball, 34, EV 88.8 MPH)
Bottom of the 2nd over - 0 runs, 1 hit, 0 errors, 1 left on base; Cleveland 7 - Seattle 0
TOP OF THE 3RD
Cleveland Browns batting - Pitching for Seattle Rocketeers : LHP Luqman Barcoo
Batting: RHB Richard Trevithick 0-0: Ball
1-0: Ball
2-0: Called Strike
2-1: Called Strike
2-2: Ground out 4-3 (Groundball, 4, EV 91.9 MPH)
Batting: RHB Katsuhiko Ishihara 0-0: Called Strike
0-1: Ball
1-1: Ball
2-1: Ball
3-1: Foul Ball, location: 2F
3-2: Foul Ball, location: 2F
3-2: Strikes out looking
Batting: RHB Dale Epner 0-0: Swinging Strike
0-1: Called Strike
0-2: Ball
1-2: Foul Ball, location: 2F
1-2: Ball
2-2: Fly out, F6 (Flyball, 6MD, EV 93.8 MPH)
Top of the 3rd over - 0 runs, 0 hits, 0 errors, 0 left on base; Cleveland 7 - Seattle 0
BOTTOM OF THE 3RD
Seattle Rocketeers batting - Pitching for Cleveland Browns : RHP Natalino Golaio
Batting: SHB Joam Francia 0-0: Ground out 1-3 (Groundball, 13, EV 69.4 MPH)
Batting: RHB Jurgen Flurgenburgen 0-0: Ball
1-0: Fly out, F8 (Line Drive, 8RD, EV 106.2 MPH)
Batting: RHB Alain Grosjean 0-0: Called Strike
0-1: Fly out, F8 (Flyball, 8LD, EV 90.6 MPH)
Bottom of the 3rd over - 0 runs, 0 hits, 0 errors, 0 left on base; Cleveland 7 - Seattle 0
TOP OF THE 4TH
Cleveland Browns batting - Pitching for Seattle Rocketeers : LHP Luqman Barcoo
Batting: LHB Luis Aranda 0-0: Foul Ball, location: 2F
0-1: Called Strike
0-2: Strikes out looking
Batting: SHB Raúl Rodríguez 0-0: Called Strike
0-1: Called Strike
0-2: Foul Ball, location: 2F
0-2: Strikes out looking
Batting: SHB Esteban Piñeiro 0-0: Swinging Strike
0-1: Called Strike
0-2: Ball
1-2: Foul Ball, location: 2F
1-2: Ball
2-2: Ball
3-2: DOUBLE (Line Drive, 7LM, EV 111.9 MPH)
Batting: LHB Lauren Hilfiker 0-0: Ball
1-0: Ball
2-0: Foul Ball, location: 2F
2-1: Ball
3-1: Base on Balls
Batting: RHB Rob Brooks 0-0: Ball
1-0: Ball
2-0: Called Strike
2-1: Swinging Strike
2-2: Foul Ball, location: 2F
2-2: Fly out, F7 (Line Drive, 7D, EV 96.9 MPH)
Top of the 4th over - 0 runs, 1 hit, 0 errors, 2 left on base; Cleveland 7 - Seattle 0
BOTTOM OF THE 4TH
Seattle Rocketeers batting - Pitching for Cleveland Browns : RHP Natalino Golaio
Batting: LHB Vicente Gonzáles 0-0: Foul Ball, location: 2F
0-1: Foul Ball, location: 2F
0-2: Ball
1-2: Fly out, F8 (Flyball, 78M, EV 90.6 MPH)
Batting: RHB Meester Gobbles-Rooster 0-0: Fly out, F7 (Flyball, 7S, EV 85.0 MPH)
Batting: RHB Claudio Tappen 0-0: Swinging Strike
0-1: Ball
1-1: Ball
2-1: Fly out, F4 (Line Drive, 4, EV 73.8 MPH)
Bottom of the 4th over - 0 runs, 0 hits, 0 errors, 0 left on base; Cleveland 7 - Seattle 0
TOP OF THE 5TH
Cleveland Browns batting - Pitching for Seattle Rocketeers : LHP Luqman Barcoo
Batting: LHB Surender Nada 0-0: Ball
1-0: Ball
2-0: Called Strike
2-1: Foul Ball, location: 2F
2-2: Ball
3-2: Strikes out swinging
Batting: RHB Richard Trevithick 0-0: Ball
1-0: Ball
2-0: Ball
3-0: Called Strike
3-1: Base on Balls
Batting: RHB Katsuhiko Ishihara 0-0: Called Strike
0-1: Ball
1-1: Ball
2-1: Called Strike
2-2: Foul Ball, location: 2F
2-2: Ball
3-2: Foul Ball, location: 2F
3-2: Base on Balls
Richard Trevithick to second
Pitching: RHP Yue-rong Chen
Batting: RHB Dale Epner 0-0: SINGLE (Groundball, 56D, EV 95.0 MPH)
Richard Trevithick to third
Katsuhiko Ishihara to second
Runner from 3rd tries for Home, SAFE, throw by LF to home
Batting: LHB Luis Aranda 0-0: Ball
1-0: Foul Ball, location: 2F
1-1: SINGLE (Groundball, 4M, EV 86.9 MPH) (infield hit)
Katsuhiko Ishihara to third
Dale Epner to second
Batting: SHB Raúl Rodríguez 0-0: Ball
1-0: Foul Ball, location: 2F
1-1: SINGLE (Flyball, 78S, EV 90.6 MPH)
Katsuhiko Ishihara scores
Dale Epner to third
Luis Aranda to second
Runner from 3rd tries for Home, SAFE, no throw by LF
Batting: SHB Esteban Piñeiro 0-0: Foul Ball, location: 2F
0-1: Ball
1-1: Ball
2-1: Called Strike
2-2: Foul Ball, location: 2F
2-2: Ball
3-2: Fielders Choice at 2nd, 4-6 (Groundball, 34, EV 86.2 MPH)
Luis Aranda to third
Batting: LHB Lauren Hilfiker 0-0: Ball
1-0: Called Strike
1-1: Ball
2-1: Called Strike
2-2: Foul Ball, location: 2F
2-2: 3-RUN HOME RUN (Flyball, 89XD, EV 96.2 MPH), Distance : 396 ft
Batting: RHB Rob Brooks 0-0: Called Strike
0-1: Swinging Strike
0-2: Ball
1-2: Strikes out looking
Top of the 5th over - 6 runs, 4 hits, 0 errors, 0 left on base; Cleveland 13 - Seattle 0
BOTTOM OF THE 5TH
Seattle Rocketeers batting - Pitching for Cleveland Browns : RHP Natalino Golaio
Batting: LHB Thierry Honoré 0-0: Reached via error on a dropped throw from 1B, E1 (Groundball, 34, EV 107.5 MPH)
Batting: RHB Bogumil Tiwontschik 0-0: Foul Ball, location: 2F
0-1: Swinging Strike
0-2: Strikes out swinging
Batting: SHB Lodd Felton 0-0: SINGLE (Flyball, 8RS, EV 93.1 MPH)
Thierry Honoré to second
Batting: SHB Joam Francia 0-0: Called Strike
0-1: Called Strike
0-2: Strikes out swinging
Batting: RHB Jurgen Flurgenburgen 0-0: Called Strike
0-1: Called Strike
0-2: Ball
1-2: Fly out, F8 (Flyball, 8RS, EV 91.2 MPH)
Bottom of the 5th over - 0 runs, 1 hit, 1 error, 2 left on base; Cleveland 13 - Seattle 0
TOP OF THE 6TH
Cleveland Browns batting - Pitching for Seattle Rocketeers : RHP Yue-rong Chen
Pitching: RHP Alexander Goodpasture
Batting: LHB Surender Nada 0-0: Ball
1-0: Called Strike
1-1: Ground out 6-3 (Groundball, 6, EV 100.0 MPH)
Batting: RHB Richard Trevithick 0-0: Ball
1-0: Ball
2-0: Foul Ball, location: 2F
2-1: Swinging Strike
2-2: Strikes out swinging
Batting: RHB Katsuhiko Ishihara 0-0: Foul Ball, location: 2F
0-1: Foul Ball, location: 2F
0-2: Ground out 6-3 (Groundball, 6, EV 102.5 MPH)
Top of the 6th over - 0 runs, 0 hits, 0 errors, 0 left on base; Cleveland 13 - Seattle 0
BOTTOM OF THE 6TH
Seattle Rocketeers batting - Pitching for Cleveland Browns : RHP Natalino Golaio
Batting: RHB Alain Grosjean 0-0: Ball
1-0: Called Strike
1-1: Called Strike
1-2: Ball
2-2: Ball
3-2: Foul Ball, location: 2F
3-2: Ground out 4-3 (Groundball, 4, EV 87.5 MPH)
Batting: LHB Vicente Gonzáles 0-0: Swinging Strike
0-1: Called Strike
0-2: Foul Ball, location: 2F
0-2: Foul Ball, location: 2F
0-2: SINGLE (Groundball, 4MD, EV 107.5 MPH)
Batting: RHB Meester Gobbles-Rooster 0-0: SINGLE (Groundball, 4D, EV 96.2 MPH)
Vicente Gonzáles to second
Batting: RHB Claudio Tappen 0-0: Called Strike
0-1: Ball
1-1: Swinging Strike
1-2: Strikes out swinging
Batting: LHB Thierry Honoré 0-0: Foul Ball, location: 2F
0-1: Foul Ball, location: 2F
0-2: Ball
1-2: Ball
2-2: Ball
3-2: Base on Balls
Vicente Gonzáles to third
Meester Gobbles-Rooster to second
Batting: RHB Bogumil Tiwontschik 0-0: Called Strike
0-1: Called Strike
0-2: Ground out 5-3 (Groundball, 5, EV 105.6 MPH)
Bottom of the 6th over - 0 runs, 2 hits, 0 errors, 3 left on base; Cleveland 13 - Seattle 0
TOP OF THE 7TH
Cleveland Browns batting - Pitching for Seattle Rocketeers : RHP Alexander Goodpasture
Batting: RHB Dale Epner 0-0: Ground out 6-3 (Groundball, 6, EV 83.8 MPH)
Batting: LHB Luis Aranda 0-0: Ball
1-0: Swinging Strike
1-1: Ground out 4-3 (Groundball, 4, EV 90.0 MPH)
Batting: SHB Raúl Rodríguez 0-0: Fly out, F9 (Flyball, 9, EV 83.8 MPH)
Top of the 7th over - 0 runs, 0 hits, 0 errors, 0 left on base; Cleveland 13 - Seattle 0
BOTTOM OF THE 7TH
Seattle Rocketeers batting - Pitching for Cleveland Browns : RHP Natalino Golaio
Batting: SHB Lodd Felton 0-0: Ball
1-0: Ground out 6-3 (Groundball, 56, EV 101.9 MPH)
Batting: SHB Joam Francia 0-0: Ball
1-0: Ball
2-0: Ground out 3-1 (Groundball, 3D, EV 99.4 MPH)
Batting: RHB Jurgen Flurgenburgen 0-0: Ball
1-0: Ball
2-0: Foul Ball, location: 2F
2-1: Foul Ball, location: 2F
2-2: SINGLE (Groundball, 56D, EV 99.4 MPH)
Batting: RHB Alain Grosjean 0-0: Ball
Jurgen Flurgenburgen is caught stealing 2nd base 2-4
Bottom of the 7th over - 0 runs, 1 hit, 0 errors, 0 left on base; Cleveland 13 - Seattle 0
TOP OF THE 8TH
Cleveland Browns batting - Pitching for Seattle Rocketeers : RHP Alexander Goodpasture
Batting: SHB Esteban Piñeiro 0-0: Ball
1-0: Foul Ball, location: 2F
1-1: Ground out 4-3 (Groundball, 4, EV 86.9 MPH)
Batting: LHB Lauren Hilfiker 0-0: Ball
1-0: Ball
2-0: Called Strike
2-1: Foul Ball, location: 2F
2-2: Strikes out swinging
Batting: RHB Rob Brooks 0-0: Ball
1-0: Called Strike
1-1: Ball
2-1: Called Strike
2-2: Ball
3-2: Ground out 4-3 (Groundball, 4S, EV 91.9 MPH)
Top of the 8th over - 0 runs, 0 hits, 0 errors, 0 left on base; Cleveland 13 - Seattle 0
BOTTOM OF THE 8TH
Seattle Rocketeers batting - Pitching for Cleveland Browns : RHP Natalino Golaio
Batting: RHB Alain Grosjean 0-0: Ball
1-0: SINGLE (Flyball, 89S, EV 92.5 MPH)
Batting: LHB Vicente Gonzáles 0-0: Called Strike
0-1: Swinging Strike
0-2: Ball
1-2: 2-RUN HOME RUN (Flyball, 89XD, EV 90.0 MPH), Distance : 372 ft
Batting: RHB Meester Gobbles-Rooster 0-0: Called Strike
0-1: Ball
1-1: Foul Ball, location: 2F
1-2: Fly out, F8 (Flyball, 78D, EV 87.5 MPH)
Batting: RHB Claudio Tappen 0-0: Ball
1-0: Reached on error, E5 (Groundball, 5L, EV 103.1 MPH)
Batting: LHB Thierry Honoré 0-0: SINGLE (Groundball, 56D, EV 100.6 MPH)
Claudio Tappen to second
Batting: RHB Bogumil Tiwontschik 0-0: Foul Ball, location: 2F
0-1: Ball
1-1: Called Strike
1-2: Ball
2-2: SINGLE (Groundball, 6MD, EV 106.9 MPH)
Claudio Tappen to third
Thierry Honoré to second
Runner from 3rd tries for Home, SAFE, throw by CF to home
Pitching: RHP Jeff Merritt
Batting: SHB Lodd Felton 0-0: Ball
1-0: Fielders Choice at 2nd, 6-4 (Groundball, 6, EV 86.9 MPH)
Thierry Honoré to third
Batting: SHB Joam Francia 0-0: Ball
1-0: 3-RUN HOME RUN (Line Drive, 89XD, EV 98.1 MPH), Distance : 409 ft
Batting: RHB Jurgen Flurgenburgen 0-0: Ball
1-0: Ball
2-0: SINGLE (Line Drive, 34, EV 98.8 MPH)
Batting: RHB Alain Grosjean 0-0: Called Strike
0-1: SINGLE (Groundball, 56D, EV 97.5 MPH)
Jurgen Flurgenburgen to second
Batting: LHB Vicente Gonzáles 0-0: Called Strike
0-1: Called Strike
0-2: Fly out, F5 (Line Drive, 5, EV 70.0 MPH)
Bottom of the 8th over - 6 runs, 7 hits, 1 error, 2 left on base; Cleveland 13 - Seattle 6
TOP OF THE 9TH
Cleveland Browns batting - Pitching for Seattle Rocketeers : RHP Alexander Goodpasture
Batting: LHB Surender Nada 0-0: Ball
1-0: Called Strike
1-1: Ball
2-1: Foul Ball, location: 2F
2-2: Foul Ball, location: 2F
2-2: Strikes out swinging
Batting: RHB Richard Trevithick 0-0: Foul Ball, location: 2F
0-1: SINGLE (Groundball, 6MD, EV 93.8 MPH)
Batting: RHB Katsuhiko Ishihara 0-0: Foul Ball, location: 2F
0-1: Swinging Strike
0-2: Ball
1-2: Foul Ball, location: 2F
1-2: SINGLE (Line Drive, 6D, EV 98.1 MPH)
Richard Trevithick to second
Batting: RHB Dale Epner 0-0: Ball
1-0: Called Strike
1-1: Foul Ball, location: 2F
1-2: Reached on error, E7 (Flyball, 7, EV 93.1 MPH)
Richard Trevithick to third
Katsuhiko Ishihara to second
Pitching: RHP Zach Rediker
Batting: LHB Luis Aranda 0-0: Called Strike
0-1: Grounds into double play, 6-4-3 (Groundball, 6, EV 76.2 MPH)
Top of the 9th over - 0 runs, 2 hits, 1 error, 2 left on base; Cleveland 13 - Seattle 6
BOTTOM OF THE 9TH
Seattle Rocketeers batting - Pitching for Cleveland Browns : RHP Jeff Merritt
Batting: RHB Meester Gobbles-Rooster 0-0: Swinging Strike
0-1: Swinging Strike
0-2: Ball
1-2: Ball
2-2: Strikes out swinging
Batting: RHB Claudio Tappen 0-0: Called Strike
0-1: Ball
1-1: Foul Ball, location: 2F
1-2: Strikes out swinging
Batting: LHB Thierry Honoré 0-0: Ball
1-0: Ball
2-0: Swinging Strike
2-1: Called Strike
2-2: Foul Ball, location: 2F
2-2: Strikes out swinging
Bottom of the 9th over - 0 runs, 0 hits, 0 errors, 0 left on base; Cleveland 13 - Seattle 6
Friday, April 17th, 2020 - OOTP Baseball 20.8 Build 74